Unix NetHack Version 5.0.0-0 post-release - last build May  4 2026 22:22:43 (774f63e81ad911689b3a0859ea89b322d5daca8d,branch:main).

Game began 2026-05-05 10:17:34, ended 2026-05-05 11:23:17.

GdeVolpiano, lawful male human Priest

 -------
 |.|.|<--
 |......---
 --.......----
  ---......@G-----        |
    |...........>.........-
    |...f....------
    ---......|
      |..--.--
      -...---
      ....|
     ...---
    ....|
   -...--
   ---.
     -.
      .
      .
     -.
     --

GdeVolpiano the Acolyte      St:9 Dx:12 Co:16 In:12 Wi:18 Ch:12  Lawful
Dlvl:3  $:33 HP:0(28) Pw:35(35) AC:3  Xp:3 T:793 

Latest messages:
 This lichen corpse tastes okay.
 You finish eating the lichen corpse.
 You stop.  Heliodore is in the way!
 You descend the stairs.
 Heliodore misses the gnome lord.
 You hit the gnome lord!
 Heliodore bites the gnome lord.
 The gnome lord hits!
 Heliodore misses the gnome lord.
 You kill the gnome lord!
 Welcome to experience level 3.
 You see here a candle.
 y - a candle.
 You swap places with Heliodore.
 You miss the gnome.
 The gnome just misses!
 You kill the gnome!
 You hear an E flat squeak in the distance.
 You miss the gnome.
 You kill the gnome!
 You see here a gnome corpse.
 Heliodore eats a gnome corpse.
 The gnome lord wields a thonged club!
 The gnome lord secures the tether on the thonged club.
 The gnome lord throws a thonged club!
 You are hit by a thonged club!
 The thonged club returns to the gnome lord's hand!
 The gnome lord swings his thonged club.
 The gnome lord misses!
 You miss the gnome lord.
 The gnome lord swings his thonged club.
 The gnome lord hits!
 You hit the gnome lord.
 The gnome lord swings his thonged club.
 The gnome lord misses!
 You miss the gnome lord.
 The gnome lord swings his thonged club.
 The gnome lord misses!
 You miss the gnome lord.
 The gnome lord swings his thonged club.
 The gnome lord hits!
 You hit the gnome lord!
 The gnome lord swings his thonged club.
 The gnome lord hits!
 You miss the gnome lord.
 You miss the gnome lord.
 The gnome lord swings his thonged club.
 The gnome lord hits!
 You die...
 Do you want your possessions identified? [ynq] (y)

Inventory:
 Coins    ('$')
  $ - 33 gold pieces
 Weapons  (')')
  a - a blessed +1 mace (weapon in right hand)
 Armor    ('[')
  v - a rotted +1 pair of high boots (being worn)
  c - a +0 small shield (being worn)
  b - a +0 robe (being worn)
  w - a +0 leather armor (being worn)
 Comestibles  ('%')
  e - a clove of garlic
  s - a cram ration
  l - 2 food rations
  f - a sprig of wolfsbane
  i - a tin of stir fried newt meat
  r - 3 lichen corpses
 Scrolls  ('?')
  k - a blessed scroll of enchant armor
  p - a scroll of taming
 Potions  ('!')
  m - a potion of booze
  t - a potion of fruit juice
  j - 2 potions of healing
  d - 4 potions of holy water
  n - a potion of water
 Rings    ('=')
  q - a ring of fire resistance (on right hand)
 Wands    ('/')
  o - a wand of teleportation (0:3)
 Tools    ('(')
  y - a tallow candle
  u - a tin whistle

GdeVolpiano the Priest's attributes:

Background:
 You were an Acolyte, a level 3 human Priest.
 You were lawful, on a mission for Lugh
 who was opposed by Brigit (neutral) and Manannan Mac Lir (chaotic).
 You were right-handed.
 You were in the Gnomish Mines, on level 3.
 You entered the dungeon 793 turns ago.
 You had 67 experience points, 13 more were needed to attain level 4.

Basics:
 You had 0 out of 28 hit points.
 You had all 35 energy points (spell power).
 Your armor class was 3.
 Your wallet contained 33 zorkmids.
 Autopickup was on for '$?!/="+' plus thrown, with exceptions.

Final Characteristics:
 Your strength was 9 (limit:18/100).
 Your dexterity was 12 (limit:18).
 Your constitution was 16 (limit:18).
 Your intelligence was 12 (limit:18).
 Your wisdom was 18 (limit:18).
 Your charisma was 12 (limit:18).

Final Status:
 You weren't hungry.
 You were unencumbered.
 You were wielding a mace.
 You had basic skill with mace.

Final Attributes:
 You were fervently aligned.
 You were fire resistant.
 Your items were protected from fire.
 You were guarded.
 Your spell casting was enhanced by wearing a robe.
 You are dead.

Miscellaneous:
 You didn't encounter any bones levels.
 Total elapsed playing time was 35 minutes and 3 seconds.

Major events:
 Turn
    1: GdeVolpiano the lawful human Priest entered the dungeon
  598: entered the Gnomish Mines
  768: attained the rank of Acolyte (level 3)
  793: killed by a gnome lord

Spells:
 Name                 Level Category     Fail Retention
 light                  1   clerical       0%  91%-100%
 detect food            2   divination    32%  76%-100%

Skills:
 Fighting Skills
   bare handed combat [Unskilled]
 Weapon Skills
   club               [Unskilled]
   mace               [Basic]
   morning star       [Unskilled]
   flail              [Unskilled]
   hammer             [Unskilled]
   quarterstaff       [Unskilled]
   polearms           [Unskilled]
   spear              [Unskilled]
   trident            [Unskilled]
   lance              [Unskilled]
   bow                [Unskilled]
   sling              [Unskilled]
   crossbow           [Unskilled]
   dart               [Unskilled]
   shuriken           [Unskilled]
   boomerang          [Unskilled]
   unicorn horn       [Unskilled]
 Spellcasting Skills
   healing spells     [Unskilled]
   divination spells  [Unskilled]
   clerical spells    [Basic]

Voluntary challenges:
 Character rerolling was not enabled.
 You followed a strict vegan diet.
 You were an atheist.
 You never genocided any monsters.
 You never polymorphed an object.
 You never changed form.
 You used no wishes.
Achievements:
 You entered the Gnomish Mines.
 You attained the rank of Acolyte.

 The Dungeons of Doom: levels 1 to 3
    Level 1:
       A fountain.
    Level 2: "vault + tempstash"
       A fountain.
       Stairs down to The Gnomish Mines.
    Level 3:
       A fountain.
 The Gnomish Mines:
    Level 3: <- You were here.
       Final resting place for
          you, killed by a gnome lord.


Vanquished creatures:
  a shrieker
  a gnome leader
  a giant rat
  a yellow mold
  2 gnomes
  a jackal
  4 foxes
  a sewer rat
  2 grid bugs
  6 lichens
  a newt
21 creatures vanquished.

No species were genocided or became extinct.

Game over:
                       ----------
                      /          \
                     /    REST    \
                    /      IN      \
                   /     PEACE      \
                  /                  \
                  |   GdeVolpiano    |
                  |      33 Au       |
                  |   killed by a    |
                  |    gnome lord    |
                  |                  |
                  |                  |
                  |       2026       |
                 *|     *  *  *      | *
        _________)/\\_//(\/(/\)/\//\/|_)_______

Goodbye GdeVolpiano the Priest...

You died in The Gnomish Mines on dungeon level 3 with 398 points,
and 33 pieces of gold, after 793 moves.
You were level 3 with a maximum of 28 hit points when you died.

